[Event "Titled Tuesday Blitz March 22 Early 2022"]
[White "Buscar, Michael"]
[Black "Ianov, Viktor"]
[WhiteFideId "2603616"]
[BlackFideId "14102730"]
[WhiteElo "2010"]
[BlackElo "2161"]
[Result "1/2-1/2"]
[Round "05"]
[TimeControl "180+1"]
[Date "2022.03.22"]
[WhiteClock "0:00:07"]
[BlackClock "0:01:18"]

1. Nf3 d6 2. c4 g6 3. g3 Bg7 4. Bg2 Nf6 5. O-O O-O 6. d4 c6 7. b3 Bf5 8. Bb2 a5 9. a3 Na6 10. Nbd2 Ne4 11. Re1 Nxd2 12. Nxd2 d5 13. e4 dxe4 14. Nxe4 Qb6 15. g4 Bxe4 16. Rxe4 e6 17. Qc2 Rfd8 18. Rd1 Rac8 19. h4 Nc7 20. h5 Ne8 21. hxg6 hxg6 22. g5 Qa6 23. Rh4 Nd6 24. d5 Nf5 25. Bxg7 Nxh4 26. Bf6 cxd5 27. Qc3 dxc4 28. Rxd8+ Rxd8 29. Bxd8 Nxg2 30. Kxg2 Qc6+ 31. Qf3 cxb3 32. Bf6 a4 33. Qxc6 bxc6 34. Kf3 Kf8 35. Ke4 Ke8 36. Kd3 Kd7 37. Be5 c5 38. Kc4 Kc6 39. f3 Kb6 40. Bb2 Kc6 41. Bc3 Kb6 42. Kd3 Kb5 43. Bb2 Kb6 44. Ke4 Kb5 45. Kd3 Kb6 46. Kc4 Kc6 47. Bc3 Kb6 48. Be5 Kc6 49. Bf6 Kb6 50. Kc3 Kb5 51. Be5 Kc6 52. Kc4 Kb6 53. Bf6 Kc6 54. Bc3 1/2-1/2


[Site "https://www.chess.com"]

[Event "Titled Tuesday Blitz March 22 Early 2022"]
[White "Chen, Qi b"]
[Black "Ladan, Nicholas"]
[WhiteFideId "8614733"]
[BlackFideId "30918855"]
[WhiteElo "2432"]
[BlackElo "2167"]
[Result "1-0"]
[Round "05"]
[TimeControl "180+1"]
[Date "2022.03.22"]
[WhiteClock "0:00:18"]
[BlackClock "0:00:04"]

1. e4 e5 2. Nf3 Nc6 3. Bc4 Nf6 4. d3 h6 5. c3 d6 6. a4 g6 7. a5 Bg7 8. a6 b6 9. O-O O-O 10. b4 Rb8 11. b5 Ne7 12. Re1 Bd7 13. Ba3 Re8 14. Qb3 Rf8 15. Nbd2 Be8 16. d4 Nd7 17. Rad1 Kh7 18. dxe5 Nxe5 19. Nxe5 Bxe5 20. Nf3 Bg7 21. e5 Nf5 22. Bd3 Bd7 23. Bxf5 Bxf5 24. exd6 Re8 25. Qxf7 Rxe1+ 26. Rxe1 cxd6 27. Qxa7 Rc8 28. Re7 Qg8 29. h3 Kh8 30. Bxd6 Rxc3 31. Rxg7 Rc1+ 32. Kh2 Qxg7 33. Be5 Rc7 1-0


[Site "https://www.chess.com"]

[Event "Titled Tuesday Blitz March 22 Early 2022"]
[White "Chyngyz, Sultai"]
[Black "Alinasab, Mobina"]
[WhiteFideId "13803158"]
[BlackFideId "12528897"]
[WhiteElo "1365"]
[BlackElo "2052"]
[Result "1/2-1/2"]
[Round "05"]
[TimeControl "180+1"]
[Date "2022.03.22"]
[WhiteClock "0:00:17"]
[BlackClock "0:00:12"]

1. e4 c5 2. Nf3 d6 3. d4 cxd4 4. Nxd4 Nf6 5. Nc3 a6 6. Be2 e5 7. Nb3 Be7 8. O-O O-O 9. Be3 Be6 10. f3 Nbd7 11. Nd5 Rc8 12. Nxe7+ Qxe7 13. Rc1 d5 14. Bg5 dxe4 15. fxe4 h6 16. Bxf6 Nxf6 17. Bd3 Rfd8 18. Qf3 Bc4 19. Rfd1 Bxd3 20. cxd3 Rxc1 21. Rxc1 Qb4 22. Rc3 a5 23. Qe2 a4 24. Nc1 b5 25. a3 Qd4+ 26. Kf1 b4 27. Rc4 Qd6 28. Rxb4 Rc8 29. Rc4 Rxc4 30. dxc4 Qd4 31. Qc2 Nxe4 32. g3 Nd2+ 33. Ke2 Nxc4 34. Nd3 e4 35. Nf2 Qe3+ 36. Kf1 Nd2+ 37. Kg2 Qf3+ 38. Kg1 Qe2 39. Qc8+ Kh7 40. Qf5+ Kg8 41. Qc8+ Kh7 42. Qf5+ g6 43. Qxf7+ Kh8 44. Qf8+ Kh7 45. Qf7+ Kh8 46. Qf8+ Kh7 47. Qf7+ 1/2-1/2


[Site "https://www.chess.com"]

[Event "Titled Tuesday Blitz March 22 Early 2022"]
[White "Coto Mederos, Michel"]
[Black "Ruge, Edison"]
[WhiteFideId "3508528"]
[BlackFideId "4401000"]
[WhiteElo "2427"]
[BlackElo "2175"]
[Result "0-1"]
[Round "05"]
[TimeControl "180+1"]
[Date "2022.03.22"]
[WhiteClock "0:00:07"]
[BlackClock "0:00:46"]

1. d4 Nf6 2. Bg5 Ne4 3. Bf4 d5 4. e3 e6 5. Nd2 Nxd2 6. Qxd2 Bd6 7. Bg3 O-O 8. Bd3 Qe7 9. Nf3 f6 10. O-O-O a6 11. e4 c5 12. exd5 exd5 13. Rhe1 Qc7 14. Bxd6 Qxd6 15. dxc5 Qxc5 16. h3 Nc6 17. Kb1 Nb4 18. c3 Nc6 19. Bc2 Rd8 20. Qd3 g6 21. Qd2 Kg7 22. h4 Bg4 23. Re3 Bxf3 24. Rxf3 Rd6 25. h5 Re8 26. hxg6 hxg6 27. Rg3 Ne5 28. f4 Nc4 29. Rxg6+ Kf7 30. Qd3 Re3 31. Qf5 Na3+ 32. Kc1 Re2 33. bxa3 Qxa3+ 34. Kb1 Rb6+ 35. Bb3 Qb2# 0-1


[Site "https://www.chess.com"]

[Event "Titled Tuesday Blitz March 22 Early 2022"]
[White "Danilenko, Dmitriy"]
[Black "Lou, Yiping"]
[WhiteFideId "14120844"]
[BlackFideId "8603928"]
[WhiteElo "2606"]
[BlackElo "2412"]
[Result "1/2-1/2"]
[Round "05"]
[TimeControl "180+1"]
[Date "2022.03.22"]
[WhiteClock "0:00:28"]
[BlackClock "0:00:58"]

1. e4 e5 2. Nf3 Nc6 3. Nc3 Nf6 4. a3 g6 5. d4 exd4 6. Nxd4 Bg7 7. Nxc6 bxc6 8. Bc4 O-O 9. O-O Re8 10. Re1 d5 11. exd5 Rxe1+ 12. Qxe1 cxd5 13. Bd3 Bb7 14. Bg5 Qd7 15. Qd2 Re8 16. Re1 Rxe1+ 17. Qxe1 d4 18. Bxf6 Bxf6 19. Ne4 Bxe4 20. Qxe4 Kg7 21. Kf1 c5 22. b3 Qe7 23. Ke2 Qxe4+ 24. Bxe4 Bg5 25. Kd3 Bc1 26. a4 a5 27. Kc4 Ba3 28. Kd5 Bb4 29. Bd3 Kf6 30. f3 Ke7 31. g3 Kf6 32. h3 Kg7 33. f4 Kf6 34. g4 h6 35. Ke4 g5 36. Bc4 Bd2 37. f5 Bb4 38. Kd5 Ba3 39. Kd6 Kg7 40. Ke7 f6 41. Ke6 Bb4 42. Bd3 Ba3 43. Kd5 Bb4 44. Be4 Ba3 45. Kc4 Bb4 46. Kb5 Kf7 47. Kc6 Ke7 48. Kd5 Ba3 49. Kc4 Bb4 50. Bd5 Ba3 51. Bf3 Kd6 52. c3 Ke5 53. cxd4+ cxd4 54. Kd3 Bb4 55. Bg2 Bc3 56. Bf1 1/2-1/2


[Site "https://www.chess.com"]

[Event "Titled Tuesday Blitz March 22 Early 2022"]
[White "Deac, Bogdan-Daniel"]
[Black "Gaehwiler, Gabriel"]
[WhiteFideId "1226380"]
[BlackFideId "1314530"]
[WhiteElo "2646"]
[BlackElo "2383"]
[Result "0-1"]
[Round "05"]
[TimeControl "180+1"]
[Date "2022.03.22"]
[WhiteClock "0:00:03"]
[BlackClock "0:00:04"]

1. c4 g6 2. d4 Nf6 3. Nc3 Bg7 4. g3 O-O 5. Bg2 d6 6. Nf3 c6 7. e4 e5 8. O-O Nbd7 9. h3 Re8 10. Re1 a6 11. a4 a5 12. d5 cxd5 13. cxd5 Nc5 14. Qc2 b6 15. Be3 Ba6 16. Bf1 Bxf1 17. Rxf1 Rc8 18. Nd2 Nfd7 19. Nc4 Qe7 20. Nb5 Nb7 21. Na7 Nbc5 22. Nxc8 Rxc8 23. Rab1 Rf8 24. b4 axb4 25. Rxb4 f5 26. exf5 gxf5 27. Nxb6 f4 28. Bxc5 Nxc5 29. Kg2 e4 30. Nc4 Qf6 31. Rbb1 Nd3 32. Rbd1 Qg6 33. Kh2 Bh6 34. Qe2 f3 35. Qc2 Rf5 36. Nxd6 Rh5 37. Qc8+ Bf8 38. Nxe4 Qxe4 39. Rxd3 Qxd3 40. Qg4+ Qg6 41. Qxf3 Rf5 42. Qg2 Qf7 43. f4 Rxd5 44. Qf3 Qd7 45. Rf2 Rd3 46. Qe4 Rd4 47. Qe3 Rxa4 48. Qb3+ Kh8 49. Re2 Ra3 50. Qb2+ Qg7 51. Qb8 Qxg3+ 52. Kh1 Ra1+ 0-1


[Site "https://www.chess.com"]

[Event "Titled Tuesday Blitz March 22 Early 2022"]
[White "Demin, Vladimir"]
[Black "Tay, Junior"]
[WhiteFideId "4167457"]
[BlackFideId "5800439"]
[WhiteElo "2540"]
[BlackElo "2216"]
[Result "0-1"]
[Round "05"]
[TimeControl "180+1"]
[Date "2022.03.22"]
[WhiteClock "0:00:01"]
[BlackClock "0:00:26"]

1. e4 c5 2. Nf3 d6 3. d4 cxd4 4. Qxd4 Nf6 5. Nc3 Nc6 6. Bb5 Bd7 7. Bxc6 Bxc6 8. Bg5 e6 9. O-O-O Be7 10. Qd3 Qa5 11. Kb1 O-O 12. Bc1 Rfc8 13. Nd4 Be8 14. Nb3 Qc7 15. g4 Nxg4 16. Rhg1 Ne5 17. Qg3 g6 18. Bh6 Bf6 19. f4 Nc4 20. e5 dxe5 21. f5 e4 22. Qxc7 Rxc7 23. Nxe4 Bxb2 24. fxe6 f5 25. Ned2 Bf6 26. Nxc4 Rxc4 27. Rge1 Rac8 28. Re2 g5 29. Rg1 g4 30. Bc1 h5 31. Ba3 f4 32. Rf2 Bg6 33. Rc1 f3 34. Na5 Rxc2 35. Rcxc2 Rxc2 36. Rxc2 Bxc2+ 37. Kxc2 f2 38. Nc4 f1=Q 39. Kb3 Qd3+ 40. Kb4 Be7+ 41. Kb5 a6+ 42. Kb6 Bxa3 0-1


[Site "https://www.chess.com"]

[Event "Titled Tuesday Blitz March 22 Early 2022"]
[White "Dev, Shah"]
[Black "Stanisz, Patryk"]
[WhiteFideId "35019058"]
[BlackFideId "1123106"]
[WhiteElo "2075"]
[BlackElo "1876"]
[Result "1-0"]
[Round "05"]
[TimeControl "180+1"]
[Date "2022.03.22"]
[WhiteClock "0:01:28"]
[BlackClock "0:00:03"]

1. d4 f5 2. g3 Nf6 3. Bg2 g6 4. c4 d6 5. Nf3 Bg7 6. O-O O-O 7. Nc3 Qe8 8. d5 a5 9. e4 fxe4 10. Ng5 Na6 11. Ncxe4 Nxe4 12. Nxe4 Bf5 13. Be3 c5 14. dxc6 bxc6 15. Qd2 Nc7 16. Rad1 a4 17. b3 axb3 18. axb3 Qb8 19. Bg5 Re8 20. Nxd6 exd6 21. Bxc6 Re6 22. Bxa8 Qxa8 23. f3 Qa3 24. Bf4 Qxb3 25. Bxd6 Ne8 26. c5 Re3 27. Rde1 Re2 1-0


[Site "https://www.chess.com"]

[Event "Titled Tuesday Blitz March 22 Early 2022"]
[White "Dilanyan, Grigor"]
[Black "Agasarov, Benik"]
[WhiteFideId "13303570"]
[BlackFideId "13314823"]
[WhiteElo "2279"]
[BlackElo "2554"]
[Result "1/2-1/2"]
[Round "05"]
[TimeControl "180+1"]
[Date "2022.03.22"]
[WhiteClock "0:00:23"]
[BlackClock "0:00:09"]

1. e4 e5 2. Nf3 Nc6 3. Bb5 Bc5 4. b4 Bxb4 5. c3 Ba5 6. O-O d6 7. d4 Bd7 8. Nbd2 Bxc3 9. Rb1 Nxd4 10. Bxd7+ Qxd7 11. Rxb7 Nf6 12. Nxd4 Bxd4 13. Qc2 Bb6 14. a4 O-O 15. Ba3 Qc8 16. Qc6 Nd7 17. Nc4 Rb8 18. Rxb8 Nxb8 19. Qd5 Nd7 20. Rb1 Bc5 21. Bc1 Nb6 22. Nxb6 axb6 23. Qc6 Qa8 24. Qb5 Qxe4 25. Bg5 f6 26. Bd2 c6 27. Qb3+ d5 28. Rc1 Ra8 29. a5 Qe2 30. Be1 bxa5 31. Qb7 Rf8 32. Qxc6 Ba3 33. Qxd5+ Kh8 34. Rb1 Bb4 35. Bxb4 axb4 36. Qd6 Rg8 37. Qxb4 Qc2 38. Qb2 Qg6 39. g3 h5 40. h4 Kh7 41. Re1 Rd8 42. Qe2 Qf5 43. Qe4 Qxe4 44. Rxe4 Kg6 45. Kg2 Kf5 46. Re2 Rd3 47. Ra2 g6 48. Rb2 Kg4 49. Ra2 Rd6 50. Rb2 e4 51. Ra2 f5 52. Ra4 Re6 1/2-1/2


[Site "https://www.chess.com"]

[Event "Titled Tuesday Blitz March 22 Early 2022"]
[White "Dixit, Nikhil"]
[Black "Shuvalova, Polina"]
[WhiteFideId "5059534"]
[BlackFideId "24171760"]
[WhiteElo "2223"]
[BlackElo "2355"]
[Result "0-1"]
[Round "05"]
[TimeControl "180+1"]
[Date "2022.03.22"]
[WhiteClock "0:00:04"]
[BlackClock "0:00:48"]

1. e4 c5 2. Nf3 d6 3. Bb5+ Bd7 4. Bxd7+ Nxd7 5. O-O Ngf6 6. Re1 e6 7. c3 Be7 8. d4 cxd4 9. cxd4 d5 10. e5 Ne4 11. Qd3 O-O 12. Nbd2 Nxd2 13. Bxd2 Rc8 14. Rac1 Nb8 15. Rxc8 Qxc8 16. Rc1 Qd7 17. Bg5 Nc6 18. Bxe7 Qxe7 19. a3 h6 20. b4 a6 21. Nd2 f6 22. exf6 Qxf6 23. Nf3 Qf5 24. Qxf5 Rxf5 25. Kf1 Rf4 26. Rd1 g5 27. h3 Kf7 28. Ke2 Kf6 29. Ke3 Re4+ 30. Kd3 h5 31. Kc3 g4 32. hxg4 hxg4 33. Nh2 Kg5 34. Nf1 Re2 35. Rd2 Re1 36. Ne3 Ra1 37. Kb2 Rg1 38. Kc3 Kf4 39. Nc2 Rxg2 40. Ne1 Rg1 41. Nd3+ Kf5 42. Nc5 Na7 43. Nxb7 Nb5+ 44. Kd3 Nxa3 45. Nc5 Nc4 46. Ra2 Rd1+ 47. Ke2 Rxd4 48. Nxa6 Re4+ 49. Kf1 Nd6 50. Nc5 Rxb4 51. Ra6 Rc4 52. Nxe6 Kxe6 0-1


[Site "https://www.chess.com"]

[Event "Titled Tuesday Blitz March 22 Early 2022"]
[White "Dudzinski, Pawel"]
[Black "Jaferian, Koosha"]
[WhiteFideId "1117890"]
[BlackFideId "12507440"]
[WhiteElo "2033"]
[BlackElo "2030"]
[Result "0-1"]
[Round "05"]
[TimeControl "180+1"]
[Date "2022.03.22"]
[WhiteClock "0:00:44"]
[BlackClock "0:00:32"]

1. e4 c6 2. d4 d5 3. e5 Bf5 4. g4 Be4 5. f3 Bg6 6. e6 fxe6 7. h4 h5 8. Bd3 Bxd3 9. Qxd3 Qd6 10. Qg6+ Kd8 11. g5 e5 12. Qf7 e6 13. Ne2 Nd7 14. Nbc3 Ne7 15. g6 Nf5 16. Bg5+ Kc7 17. O-O-O exd4 18. Nxd4 Nxd4 19. Rxd4 e5 20. Ne4 exd4 21. Nxd6 Bxd6 22. Bf4 Rhg8 23. Bxd6+ Kxd6 24. Re1 Raf8 25. Qe7+ Kc7 26. Qg5 Rxf3 27. Qxh5 Re3 28. Kd2 Nf6 29. Qg5 Ne4+ 30. Kd1 Nxg5 31. Rf1 Nf3 32. h5 Rge8 33. c3 d3 0-1


[Site "https://www.chess.com"]

[Event "Titled Tuesday Blitz March 22 Early 2022"]
[White "Dushyant Sharma"]
[Black "Pajeken, Jakob Leon"]
[WhiteFideId "25065130"]
[BlackFideId "12942839"]
[WhiteElo "2105"]
[BlackElo "2351"]
[Result "0-1"]
[Round "05"]
[TimeControl "180+1"]
[Date "2022.03.22"]
[WhiteClock "0:00:03"]
[BlackClock "0:00:28"]

1. e4 e5 2. Nf3 Nc6 3. Nc3 Nf6 4. Bb5 Bd6 5. d3 a6 6. Ba4 O-O 7. Bg5 h6 8. h4 hxg5 9. hxg5 Nh7 10. g6 fxg6 11. Bb3+ Kh8 12. Kd2 g5 13. Nxe5 Rxf2+ 14. Kc1 Qf6 15. Nf7+ Qxf7 16. Bxf7 Rxf7 17. Qh5 Bf4+ 18. Kb1 g6 19. Qxg6 Ne5 20. Qh5 d6 21. d4 Bg4 22. Qh6 Nc4 23. b3 Nd2+ 24. Kb2 Re8 25. Nd5 Re6 26. Nxf4 Rxh6 27. Rxh6 gxf4 28. Rah1 Nxe4 0-1


[Site "https://www.chess.com"]

[Event "Titled Tuesday Blitz March 22 Early 2022"]
[White "Dwilewicz, Katarzyna"]
[Black "Iskusnyh, Sergei"]
[WhiteFideId "1148486"]
[BlackFideId "4120027"]
[WhiteElo "1907"]
[BlackElo "2492"]
[Result "0-1"]
[Round "05"]
[TimeControl "180+1"]
[Date "2022.03.22"]
[WhiteClock "0:00:02"]
[BlackClock "0:00:53"]

1. e4 e6 2. d4 d5 3. exd5 exd5 4. Nf3 Nf6 5. Bd3 c5 6. O-O Nc6 7. Re1+ Be7 8. dxc5 O-O 9. Bg5 Bxc5 10. Nbd2 h6 11. Bh4 Bb6 12. Nb3 Bg4 13. h3 Bh5 14. c3 Qd6 15. Bc2 Rae8 16. Qd3 Bg6 17. Qd2 Bxc2 18. Qxc2 g5 19. Nxg5 hxg5 20. Bxg5 Ne4 21. Be3 Bc7 22. g3 Nxg3 23. fxg3 Qxg3+ 24. Qg2 Kh7 25. Qxg3 Bxg3 26. Re2 Rg8 27. Kh1 f5 28. Nc1 f4 29. Bg1 f3 30. Rxe8 Rxe8 31. Nd3 Ne5 32. Nxe5 Rxe5 33. Rf1 Rf5 34. Bh2 Bh4 35. Bb8 a6 36. Ba7 Kg6 37. Kg1 Kg5 38. Bb6 Bg3 39. Bd8+ Kh5 40. a3 b5 41. Be7 Rf7 42. Bd8 Rf8 43. Be7 Rf5 44. Bd8 Rf7 45. b3 Rg7 46. Kh1 Rf7 47. Kg1 Be5 48. Ba5 Kh4 49. Kh1 Kxh3 50. c4 dxc4 51. bxc4 bxc4 52. Bd2 Bd4 0-1


[Site "https://www.chess.com"]

[Event "Titled Tuesday Blitz March 22 Early 2022"]
[White "Estrada Nieto, Julian"]
[Black "Nenezic, Marko"]
[WhiteFideId "5101018"]
[BlackFideId "912123"]
[WhiteElo "2246"]
[BlackElo "2457"]
[Result "0-1"]
[Round "05"]
[TimeControl "180+1"]
[Date "2022.03.22"]
[WhiteClock "0:00:02"]
[BlackClock "0:00:34"]

1. e4 c5 2. Nf3 d6 3. d4 cxd4 4. Qxd4 Nf6 5. Nc3 a6 6. Bc4 Nc6 7. Qd3 Bg4 8. Bb3 e6 9. Bf4 Bxf3 10. Qxf3 Nd4 11. Qd3 Nxb3 12. axb3 Qc7 13. O-O-O O-O-O 14. Kb1 Be7 15. f3 Kb8 16. g4 h6 17. h4 Ka8 18. g5 Nh5 19. Be3 b5 20. Qd4 hxg5 21. hxg5 g6 22. f4 Rc8 23. f5 Rhd8 24. fxg6 fxg6 25. Rd2 Rf8 26. Na2 Qb7 27. Nb4 Rc5 28. Nd3 e5 29. Qb4 Rcc8 30. Rc1 Rf3 31. Bg1 Bxg5 32. Rdd1 Bxc1 33. Rxc1 Qc6 34. Qa3 Rxd3 0-1


[Site "https://www.chess.com"]

[Event "Titled Tuesday Blitz March 22 Early 2022"]
[White "Fathy, Elameir"]
[Black "Cramling Bellon, Anna"]
[WhiteFideId "10600396"]
[BlackFideId "32009232"]
[WhiteElo "2311"]
[BlackElo "1905"]
[Result "1-0"]
[Round "05"]
[TimeControl "180+1"]
[Date "2022.03.22"]
[WhiteClock "0:00:50"]
[BlackClock "0:00:01"]

1. d4 Nf6 2. c4 e6 3. Nf3 d5 4. g3 c6 5. Bg2 Bb4+ 6. Bd2 Bd6 7. Nc3 Nbd7 8. O-O O-O 9. Bg5 Qc7 10. Rc1 Ne4 11. Nxe4 dxe4 12. Nd2 f5 13. c5 Bxc5 14. dxc5 h6 15. Be7 Re8 16. Bd6 Qa5 17. a3 b6 18. Nc4 Qa6 19. cxb6 axb6 20. f3 b5 21. Ne5 Rd8 22. Nxc6 Qb6+ 23. Kh1 exf3 24. Bxf3 Re8 25. Ne7+ Kh8 26. Bxa8 Bb7+ 27. Bxb7 Qxb7+ 28. Nc6 Nf6 29. Qd3 Ne4 30. Be5 Qb6 31. Qd4 Rc8 32. Qxb6 1-0


[Site "https://www.chess.com"]

[Event "Titled Tuesday Blitz March 22 Early 2022"]
[White "Fernandez, Daniel Howard"]
[Black "Abarca Gonzalez, Nicolas"]
[WhiteFideId "5801605"]
[BlackFideId "3409422"]
[WhiteElo "2466"]
[BlackElo "2504"]
[Result "1-0"]
[Round "05"]
[TimeControl "180+1"]
[Date "2022.03.22"]
[WhiteClock "0:01:09"]
[BlackClock "0:00:56"]

1. e4 c5 2. Nf3 d6 3. d4 cxd4 4. Nxd4 Nf6 5. Nc3 g6 6. Be3 Bg7 7. f3 O-O 8. Qd2 Nc6 9. O-O-O Nxd4 10. Bxd4 Be6 11. Kb1 Qc7 12. g4 Rfc8 13. h4 Qb6 14. Bxb6 axb6 15. h5 Nd7 16. Nd5 Kf8 17. hxg6 hxg6 18. g5 Rc5 19. f4 Ra4 20. Bg2 Rca5 21. a3 Bxd5 22. exd5 Rxa3 23. bxa3 Rb5+ 24. Qb4 Rxb4+ 25. axb4 b5 26. Bf1 Nb6 27. Bxb5 1-0


[Site "https://www.chess.com"]

[Event "Titled Tuesday Blitz March 22 Early 2022"]
[White "Fiol, Fabrice"]
[Black "Namitbir Singh Walia"]
[WhiteFideId "611670"]
[BlackFideId "35071068"]
[WhiteElo "2484"]
[BlackElo "1565"]
[Result "0-1"]
[Round "05"]
[TimeControl "180+1"]
[Date "2022.03.22"]
[WhiteClock "0:00:02"]
[BlackClock "0:00:09"]

1. e4 c5 2. Nf3 Nc6 3. Bb5 g6 4. O-O Bg7 5. c3 d5 6. exd5 Qxd5 7. h3 Nf6 8. Na3 O-O 9. Qb3 Qh5 10. Nh2 Be6 11. Qd1 Qe5 12. Nc4 Qc7 13. Ne3 Rfd8 14. Qe2 a6 15. Bc4 Nd5 16. Nxd5 Bxd5 17. Ng4 b5 18. Bxd5 Rxd5 19. d3 Rad8 20. Rd1 Qd7 21. Be3 h5 22. Nh2 Ne5 23. d4 Nc6 24. Nf3 cxd4 25. cxd4 Nxd4 26. Bxd4 Bxd4 27. Nxd4 Rxd4 28. Rxd4 Qxd4 29. Qxe7 Rc8 30. Qb7 Rc2 31. Rf1 Qxb2 32. Qxa6 b4 33. Qa8+ Kg7 34. Qe4 Re2 35. Qc4 Rc2 36. Qe4 Qc3 37. Re1 Rxa2 38. Qe5+ Qxe5 39. Rxe5 b3 40. Rb5 Rb2 41. Kh2 Kf6 42. f3 h4 43. Rb4 g5 44. Rb6+ Kg7 45. Rb5 f6 46. Kg1 Rb1+ 47. Kf2 b2 48. Rb4 Kg6 49. f4 gxf4 50. Rb5 f3 0-1


[Site "https://www.chess.com"]

[Event "Titled Tuesday Blitz March 22 Early 2022"]
[White "Gabdrakhmanov, Azat"]
[Black "Mkrtchyan, Mariam"]
[WhiteFideId "34189197"]
[BlackFideId "13310828"]
[WhiteElo "2279"]
[BlackElo "1984"]
[Result "0-1"]
[Round "05"]
[TimeControl "180+1"]
[Date "2022.03.22"]
[WhiteClock "0:00:07"]
[BlackClock "0:00:19"]

1. e4 c6 2. d3 d5 3. Nd2 e5 4. Ngf3 Bd6 5. g3 Nf6 6. Bg2 O-O 7. O-O Re8 8. Re1 Nbd7 9. Qe2 Qc7 10. c3 Nf8 11. Nh4 Bd7 12. Nf1 h6 13. Ne3 Be6 14. Nhf5 Rad8 15. Qf3 N8h7 16. h4 Bf8 17. g4 Nd7 18. Ng3 Nc5 19. Nef5 dxe4 20. dxe4 Nd3 21. Rf1 Nxc1 22. Raxc1 g6 23. Ne3 Bc5 24. b4 Bb6 25. a4 a6 26. c4 Bd4 27. c5 Qe7 28. Nc4 Bxc4 29. Rxc4 Qxh4 30. Rcc1 Ng5 31. Qb3 Rd7 32. Ne2 Red8 33. b5 axb5 34. axb5 Ne6 35. bxc6 bxc6 36. Nxd4 Nxd4 37. Qe3 Qg5 38. f4 exf4 39. Qf2 Qxg4 40. Kh2 Qh5+ 41. Bh3 Ne2 42. Rc2 Rd2 43. Rxd2 Rxd2 44. Ra1 f3 45. Ra3 Qe5+ 46. Kh1 Ng3+ 47. Kg1 Rxf2 48. Kxf2 Qxc5+ 49. Kxg3 Qxa3 0-1


[Site "https://www.chess.com"]

[Event "Titled Tuesday Blitz March 22 Early 2022"]
[White "Garagulya, Konstantin"]
[Black "Hua, Lefong"]
[WhiteFideId "4128931"]
[BlackFideId "2602253"]
[WhiteElo "2329"]
[BlackElo "2598"]
[Result "1-0"]
[Round "05"]
[TimeControl "180+1"]
[Date "2022.03.22"]
[WhiteClock "0:00:59"]
[BlackClock "0:00:33"]

1. d4 Nf6 2. Nf3 g6 3. Nc3 d5 4. Bf4 Bg7 5. e3 O-O 6. Nb5 Na6 7. c4 c6 8. Nc3 Nc7 9. Rc1 b6 10. Bxc7 Qxc7 11. cxd5 cxd5 12. Nxd5 Qd6 13. Nxf6+ Bxf6 14. Be2 Bb7 15. O-O Rfd8 16. Qa4 a6 17. Rfd1 Bg7 18. h3 Bd5 19. Ne1 e5 20. dxe5 Qxe5 21. Nd3 Qg5 22. Bf1 b5 23. Qa5 Bc4 24. b3 Bxd3 25. Rxd3 Rxd3 26. Bxd3 Qd8 27. Qxd8+ Rxd8 28. Be4 Rd2 29. Rc8+ Bf8 30. a4 bxa4 31. bxa4 Kg7 32. Ra8 Rd1+ 33. Kh2 Rd2 34. Kg3 Bd6+ 35. Kf3 Ra2 36. Rxa6 Bb4 37. Bd3 Be1 38. Be2 h5 39. Ra7 Kg8 40. Rxf7 Rxe2 41. Kxe2 1-0


[Site "https://www.chess.com"]

[Event "Titled Tuesday Blitz March 22 Early 2022"]
[White "Gatterer, Florian"]
[Black "Kubicka, Anna"]
[WhiteFideId "811688"]
[BlackFideId "1152254"]
[WhiteElo "2218"]
[BlackElo "2000"]
[Result "1-0"]
[Round "05"]
[TimeControl "180+1"]
[Date "2022.03.22"]
[WhiteClock "0:00:04"]
[BlackClock "0:00:13"]

1. c4 e5 2. Nc3 g6 3. Nf3 Bg7 4. d4 Nc6 5. Bg5 f6 6. Be3 f5 7. Bg5 Nge7 8. dxe5 Nxe5 9. Nxe5 Bxe5 10. Qd2 O-O 11. Nd5 Bd6 12. Nf6+ Kh8 13. Qc3 Nc6 14. Ng4+ Rf6 15. Bxf6+ Kg8 16. Bxd8 Bb4 17. Nh6+ Kf8 18. Qxb4+ Nxb4 19. O-O-O Kg7 20. Bg5 Nxa2+ 21. Kb1 Nb4 22. g4 d6 23. gxf5 gxf5 24. f4 Be6 25. Rg1 a5 26. Bh3 Bxc4 27. Nxf5+ Kf7 28. Nd4 a4 29. Bg4 Ba2+ 30. Kc1 Bc4 31. Bh5+ Kg7 32. Kd2 a3 33. Rb1 a2 34. Ra1 c5 35. Nf3 Nd5 36. Bh4+ Kf8 37. Ng5 Nxf4 38. Rgf1 Kg7 39. Rxf4 Rf8 40. Nf3 Rxf4 41. Bg3 Re4 42. Ng1 Bd5 43. Rf1 Rd4+ 44. Kc1 Rc4+ 45. Kd2 Ra4 46. Ra1 b5 47. Bf3 Bxf3 48. Nxf3 b4 49. Ke3 b3 50. Nd2 d5 51. Nxb3 Rb4 52. Nxc5 Rxb2 53. Kf4 Rxe2 54. Kf3 Rc2 55. Nd3 Kf7 56. Ke3 Ke6 57. Kd4 Kd7 58. Be5 Rg2 59. Rxa2 h5 60. Rxg2 h4 61. Rg5 h3 62. Rg3 Ke6 63. Rxh3 Kf5 64. Rf3+ Kg4 65. Rf1 Kh3 66. Kxd5 Kg2 67. Rf6 Kh3 68. Ke6 Kg4 69. Rg6+ Kh5 70. Rg8 Kh6 71. Kf5 Kh7 72. Rg7+ Kh6 73. Rg2 Kh7 74. Kf6 Kh6 75. Rg8 Kh7 76. Rg4 Kh8 77. Kf7+ Kh7 78. Rh4# 1-0


[Site "https://www.chess.com"]

[Event "Titled Tuesday Blitz March 22 Early 2022"]
[White "Golubev, Mikhail"]
[Black "Aaditya Dhingra"]
[WhiteFideId "14100983"]
[BlackFideId "25678191"]
[WhiteElo "2374"]
[BlackElo "1849"]
[Result "1/2-1/2"]
[Round "05"]
[TimeControl "180+1"]
[Date "2022.03.22"]
[WhiteClock "0:00:09"]
[BlackClock "0:00:23"]

1. e4 e5 2. Nf3 Nc6 3. Bb5 a6 4. Ba4 Nf6 5. O-O Be7 6. Re1 b5 7. Bb3 d6 8. a4 Bb7 9. d3 O-O 10. Nbd2 Na5 11. Ba2 c5 12. Nf1 b4 13. Ne3 g6 14. Nc4 Nxc4 15. Bxc4 Kg7 16. Qd2 Ng8 17. c3 a5 18. d4 Qc7 19. dxe5 dxe5 20. Qe2 Rad8 21. cxb4 cxb4 22. b3 Bc5 23. Bb2 f6 24. Rad1 Ne7 25. g4 Bc8 26. Rxd8 Qxd8 27. g5 Nc6 28. Bd5 Nd4 29. Bxd4 Bxd4 30. Nxd4 exd4 31. Qd2 Qb6 32. Rc1 Bd7 33. Rc4 d3 34. Qxd3 fxg5 35. Qd4+ Qxd4 36. Rxd4 Kf6 37. Bc4 Ke7 38. Rd5 Be6 39. Re5 Rf6 40. Bxe6 Rxe6 41. Rxa5 Rxe4 42. Rb5 g4 43. a5 Kd7 44. Kg2 Kc6 45. Rb8 Re5 46. a6 Ra5 47. Rxb4 Rxa6 48. Rxg4 Kb5 49. Re4 Ra3 50. Re7 Rxb3 51. Rxh7 Kc5 52. Rg7 Rb6 53. Kg3 Kd5 54. Kg4 Ke5 55. f4+ Kf6 56. Rc7 Rd6 57. Rb7 Re6 58. Ra7 Rd6 59. Rc7 Re6 60. Ra7 Rd6 61. Rb7 Re6 62. Ra7 1/2-1/2


[Site "https://www.chess.com"]

[Event "Titled Tuesday Blitz March 22 Early 2022"]
[White "Goriatchkin, Jouri"]
[Black "Avazkhonov, Alikhon"]
[WhiteFideId "4120183"]
[BlackFideId "14208504"]
[WhiteElo "1555"]
[BlackElo "1739"]
[Result "1-0"]
[Round "05"]
[TimeControl "180+1"]
[Date "2022.03.22"]
[WhiteClock "0:01:52"]
[BlackClock "0:00:08"]

1. d4 d5 2. c4 e6 3. Nc3 c6 4. e3 f5 5. Nf3 Nf6 6. cxd5 exd5 7. Bd3 Bd6 8. O-O O-O 9. a3 Ne4 10. Ne5 Qe7 11. f4 Nd7 12. Nxe4 fxe4 13. Be2 Nf6 14. b4 Bf5 15. Qb3 Bxe5 16. fxe5 Nd7 17. Bd2 Be6 18. b5 Rxf1+ 19. Rxf1 Rf8 20. bxc6 bxc6 21. Qa4 Rxf1+ 22. Bxf1 Nb6 23. Qxc6 h6 24. Bb4 Qf7 25. a4 Nc4 26. Bxc4 dxc4 27. Qxe4 Bf5 28. Qf3 g6 29. e4 Be6 30. Qxf7+ Bxf7 31. d5 Be8 32. Kf2 Bxa4 33. Ke3 Kf7 34. Kd4 Bb3 35. e6+ Kf6 36. e7 Kf7 37. e5 g5 38. e6+ Ke8 39. d6 Ba4 40. d7+ Bxd7 41. exd7+ Kxd7 42. Kxc4 Ke8 43. Kb5 h5 44. Ka6 g4 45. Kxa7 h4 46. Kb6 h3 47. gxh3 gxh3 48. Kc6 1-0


[Site "https://www.chess.com"]